 Dungeon Crawl Stone Soup version 0.27.1-1-g398f81649c (webtiles) character file.

Game seed: 9551515201604579492

6 Descartes the Sneak (level 1, 0/9 HPs)
             Began as a Felid Wanderer on Sept 16, 2021.
             Slain by a goblin (3 damage)
             ... on level 1 of the Dungeon.
             The game lasted 00:00:48 (299 turns).

Descartes the Sneak (Felid Wanderer)                 Turns: 299, Time: 00:00:48

Health: 0/9        AC:  1    Str: 12    XL:     1   Next: 75%
Magic:  3/3        EV: 16    Int: 10    God:
Gold:   0          SH:  0    Dex: 14    Spells: 1/2 levels left
                                        Lives:  0   Deaths: 0

rFire    . . .     SeeInvis +     - Unarmed
rCold    . . .     Faith    .   (shield unavailable)
rNeg     . . .     Spirit   .   (armour unavailable)
rPois    .         Reflect  .   (helmet unavailable)
rElec    .         Harm     .   (cloak unavailable)
rCorr    .         Rampage  .   (gloves unavailable)
Will     .....                  (boots unavailable)
Stlth    +++.......             (no amulet)
HPRegen  0.03/turn              (no ring)
MPRegen  0.08/turn              (no ring)

@: quick
A: very small, claws 1, fangs 3, see invisible, speed 1, shaggy fur 1, stealthy
paws, no weapons or thrown items, no armour, multi-lived
a: no special abilities


You were on level 1 of the Dungeon.
You visited 1 branch of the dungeon, and saw 1 of its levels.

Inventory:

Missiles
 c - 64 stones
Scrolls
 a - a scroll of blinking
 d - a scroll of identify {unknown}
Potions
 b - a potion of curing
 e - a potion of brilliance {unknown}


   Skills:
 - Level 2.0 Fighting
 + Level 1.0 Dodging
 + Level 5.5 Stealth
 + Level 1.2 Unarmed Combat
 - Level 1.0 Spellcasting
 - Level 1.0 Summonings
 - Level 1.0 Poison Magic


You had one spell level left.
You knew the following spells:

 Your Spells              Type           Power      Damage    Failure   Level
a - Summon Small Mammal   Summ           8%         N/A       22%         1

Your spell library contained the following spells:

 Spells                   Type           Power      Damage    Failure   Level
 Summon Guardian Golem    Hex/Summ       1%         N/A       63%         3


Dungeon Overview and Level Annotations

Branches:
Dungeon (1/15)

Altars:

Shops:
D:1 (


Innate Abilities, Weirdness & Mutations

You have sharp claws.
You have razor-sharp teeth.
You have supernaturally acute eyesight. (SInv)
You cover ground quickly. (Speed+)
You are covered in fur. (AC +1)
Your paws help you pounce on unaware monsters.
You are incapable of wielding weapons or throwing items.
You cannot wear armour.
You gain extra lives every three experience levels.


Message History

You scratch the ball python.
The ball python is moderately wounded.
The ball python misses you. The ball python completely misses you.
You scratch the ball python.
You kill the ball python!
No target in view!
No target in view!
No target in view!
No target in view!
No target in view!
No target in view!
No target in view!
No target in view!
No target in view!
HP restored.
Found Eweck's Weapon Emporium.
Found an escape hatch in the floor.
No target in view!
There is an entrance to Eweck's Weapon Emporium here.
There is an entrance to Eweck's Weapon Emporium here.
There is an entrance to Eweck's Weapon Emporium here.
A goblin comes into view. It is wielding a +0 club.
A kobold comes into view. It is wielding a +0 short sword.
The goblin shouts!
The kobold shouts!
The kobold throws a stone.
The stone barely misses you.
You barely miss the goblin. You bite the goblin, but do no damage.
The kobold throws a stone.
The stone barely misses you. The goblin barely misses you.
You closely miss the goblin. The goblin misses you.
You scratch the goblin. Your bite misses the goblin.
The goblin is moderately wounded.
The goblin hits you with a +0 club.
You barely miss the goblin.
The goblin is moderately wounded.
The goblin barely misses you.
You closely miss the goblin. Your bite misses the goblin.
The goblin is moderately wounded.
The kobold hits you with a +0 short sword.
Ouch! That really hurt!
The goblin hits you with a +0 club.
You die...

#.#......# ....
.......#.#.>....#
...
.......#.#......#
..
.......#.#.#+#.##
.......#..∩..#.#
.......#.#.#.#.#
.......#.#.#.#.#
......K#.#.#.#.#
.......@.#...#
......g#######
....... #######


You could see a goblin and a kobold.

Vanquished Creatures
  A hobgoblin (D:1)
  2 quokkas (D:1)
  A ball python (D:1)
  A goblin (D:1)
  A rat (D:1)
6 creatures vanquished.

Notes
Turn   | Place    | Note
-------+----------+-------------------------------------------
     0 | D:1      | Descartes the Felid Wanderer began the quest for the Orb.
     0 | D:1      | Descartes set off with the following items: a scroll of
                  | blinking, a potion of curing; and the following spell
                  | memorised: Summon Small Mammal; and the following spells
                  | available to memorise: Summon Guardian Golem
     0 | D:1      | Reached XP level 1. HP: 9/9 MP: 3/3
   248 | D:1      | Reached skill level 1 in Dodging
   277 | D:1      | Found Eweck's Weapon Emporium.
   299 | D:1      | Slain by a goblin

Illustrated notes

Levels and vault maps discovered:
D:1:      saegor_arrival_simple_b, layout_basic, serial_shops,
          nicolae_shop_crystal

Skill      XL: |  1 |
---------------+----+-----
Dodging        | 1 |  1.0
Fighting       | |  2.0
Stealth        | |  5.5
Unarmed Combat | |  1.2
Spellcasting   | |  1.0
Summonings     | |  1.0
Poison Magic   | |  1.0

Action                   || total
-------------------------++-------
Melee: Unarmed           ||    14
       Bite              ||     1
 Stab: Sleeping          ||     4
Dodge: Dodged            ||    10
